 Dungeon Crawl Stone Soup version 0.30-a0-618-gd6c86c23d0 (webtiles) character file.

Game seed: 8872819568424035224

40 ragingrage the Sneak (level 3, 0/20 HPs)
             Began as a Vine Stalker Delver on Jan 9, 2023.
             Succumbed to an adder's poison
             ... on level 4 of the Dungeon.
             The game lasted 00:00:24 (142 turns).

ragingrage the Sneak (Vine Stalker Delver)           Turns: 142, Time: 00:00:24

Health: 0/20       AC:  3    Str: 14    XL:     3   Next: 50%
Magic:  3/4        EV: 12    Int: 10    God:
Gold:   31         SH:  0    Dex: 17    Spells: 2/2 levels left

rFire   . . .      SeeInvis .    a - +0 short sword
rCold   . . .      Faith    .    (no shield)
rNeg    . . .      Spirit   +    b - +0 leather armour
rPois   .          Reflect  .    (no helmet)
rElec   .          Harm     .    (no cloak)
rCorr   .          Rampage  .    (no gloves)
Will    .....                    (no boots)
Stlth   +++                      (no amulet)
HPRegen 0.23/turn                (no ring)
MPRegen 0.09/turn                (no ring)

@: lethally poisoned (0 -> -5)
A: fangs 2, magic shield, antimagic bite, no potion heal 2
a: no special abilities


You were on level 4 of the Dungeon.
You visited 1 branch of the dungeon, and saw 3 of its levels.

You collected 31 gold pieces.

Inventory:

Hand Weapons
 a - a +0 short sword (weapon)
Armour
 b - a +0 leather armour (worn)
Wands
 g - a wand of digging (3)
Scrolls
 c - a scroll of fog
 d - a scroll of magic mapping
 e - a scroll of fear
Potions
 f - a potion of haste


   Skills:
 - Level 3.0 Fighting
 + Level 2.4 Short Blades
 - Level 2.0 Dodging
 - Level 6.3 Stealth


You had 2 spell levels left.
You didn't know any spells.
Your spell library was empty.

Dungeon Overview and Level Annotations

Branches:
Dungeon (6/15)
 Temple: D:4-7

Altars:


Innate Abilities, Weirdness & Mutations

You have extremely sharp teeth.
When hurt, damage is shared between your health and your magic reserves.
Your bite disrupts and absorbs the magic of your enemies.
Potions cannot restore your health.


Message History

You are poisoned.
The adder poisons you! The adder closely misses you.
You hit the adder but do no damage.
You feel sick. The adder bites you.
You miss the adder. Your bite misses the adder.
You feel sick. The adder bites you.
You are more poisoned.
The adder poisons you!
You hit the adder but do no damage.
You feel sick. The adder closely misses you.
You miss the adder.
You feel sick. The adder closely misses you.
You closely miss the adder. Your bite misses the adder.
You feel sick. The adder bites you but does no damage.
You hit the adder. You bite the adder. You drain its power.
You feel invigorated.
The adder is moderately wounded.
You feel sick. The adder completely misses you.
A quokka comes into view.
Found 17 gold pieces.
You feel sick. The adder bites you but does no damage.
You feel sick. The adder attacks as you move away! The adder barely misses you.
You feel sick.
You feel sick.
You are no longer poisoned.
The adder bites you but does no damage.
There is a stone staircase leading up here.
The adder bites you.
You climb upwards.
Found 6 stones.
There is a stone staircase leading down here.
You hit the adder. You punch the adder. You bite the adder.
You drain its power.
You feel invigorated.
The adder is almost dead.
The adder bites you.
* * * LOW HITPOINT WARNING * * *
You are lethally poisoned!
The adder poisons you!
You hit the adder. You bite the adder.
You kill the adder!
* * * LOW HITPOINT WARNING * * *
You feel sick.
You die...

###
#..
#.#
#(#
#.#
#@#
#.#
#..
#..#
#..#
#..#
#...
##..


There were no monsters in sight!

Vanquished Creatures
  A hound (D:5)
  An adder (D:4)
  A jackal (D:5)
3 creatures vanquished.

Notes
Turn   | Place    | Note
-------+----------+-------------------------------------------
     0 | D:5      | ragingrage the Vine Stalker Delver began the quest for the
                  | Orb.
     0 | D:5      | Reached XP level 1. HP: 11/11 MP: 2/2
     9 | D:6      | Noticed a hound
     9 | D:6      | Noticed a sky beast
    15 | D:5      | Killed a hound
    16 | D:5      | Reached XP level 2. HP: 15/16 MP: 1/3
    16 | D:5      | Reached XP level 3. HP: 18/20 MP: 1/4
   141 | D:4      | HP: 1/20 [poisoned by an adder]
   142 | D:4      | Succumbed to an adder's poison

Illustrated notes

Levels and vault maps discovered:
D:4:      kennysheep_six_static_rooms, layout_loops_ring, temple_fountains,
          uniq_ijyb
D:5:      layout_rooms, uniq_duvessa
D:6:      layout_loops_ring, grunt_ministairs_2

Skill      XL: |  1 |
---------------+----+-----
Fighting       | 3 |  3.0
Short Blades   | 2 |  2.4
Dodging        | 2 |  2.0
Stealth        | |  6.3

Action                   || total
-------------------------++-------
Melee: Short sword       ||    13
       Bite              ||     5
       Punch             ||     1
 Stab: Sleeping          ||     1
Armor: Leather armour    ||     3
Dodge: Dodged            ||     9

Table legend: (Time is in decaauts)
 A = Elapsed time spent in this place.
 B = Non-inter-level travel time spent in this place.
 C = Inter-level travel time spent in this place.
 D = Time resting spent in this place.
 E = Time spent auto-exploring this place.
 F = Levels seen in this place.
 G = Mean time per level.
                   A        B        C        D        E       F      G
               +--------+--------+--------+--------+--------+-----+--------+
         Total |    140 |    140 |      0 |     26 |     58 |   3 |   46.7 |
       Dungeon |    140 |    140 |      0 |     26 |     58 |   3 |   46.7 |
               +--------+--------+--------+--------+--------+-----+--------+

Top non-repeatable levels by time:
     D:5: 133 daAuts
     D:6: 4 daAuts
     D:4: 2 daAuts
